 Adventure DCSS version bcrawl-1.27.3 (webtiles) character file.

Game seed: 5727626461549504456

194687 galech the Skirmisher (level 6, 48/48 HPs)
             Began as a Demonspawn Fighter on Sept 21, 2020.
             Was an Initiate of Okawaru.
             Quit the game on level 4 of the Dungeon.
             The game lasted 00:02:31 (2421 turns).

galech the Skirmisher (Demonspawn Fighter)          Turns: 2421, Time: 00:02:31

Health: 48/48      AC: 15    Str: 21    XL:     6   Next: 3%
Magic:  6/6        EV:  3    Int: 10    God:    Okawaru [......]
Gold:   234        SH:  9    Dex: 12    Spells: 5/5 levels left
                                        Lives:  2   Deaths: 0

rFire    x . .     SeeInvis .   a - +0 war axe
rCold    + . .     Gourm    .   c - +0 medium shield
rNeg     . . .     Faith    .   u - +0 plate armour
rPois    .         Spirit   .   x - +1 hat
rElec    .         Reflect  .   (no cloak)
rCorr    .         Harm     .   i - +0 pair of gloves
MR       .....                  (no boots)
Stlth    ..........             (no amulet)
HPRegen  0.16/turn              p - ring "Dynog" {Ice Str+3}
MPRegen  0.10/turn              v - +2 ring of evasion

@: drained
A: horns 1, molten scales 1, nightstalker 1
a: Renounce Religion


You were on level 4 of the Dungeon.
You worshipped Okawaru.
Okawaru was noncommittal.
You were hungry.

You visited 1 branch of the dungeon, and saw 4 of its levels.

You collected 234 gold pieces.

Inventory:

Hand Weapons
 a - a +0 war axe (weapon)
Armour
 b - a +0 scale mail
 c - a +0 medium shield (worn)
 i - a +0 pair of gloves (worn)
 u - a +0 plate armour (worn)
 x - a +1 hat (worn)
Jewellery
 p - the ring "Dynog" (left hand) {Ice Str+3}
   (You found it on level 2 of the Dungeon)

   [ring of ice]

   It enhances your ice magic.
   It affects your strength (+3).
   It makes you vulnerable to fire.
   It protects you from cold.
 v - a +2 ring of evasion (right hand)
Scrolls
 g - 3 scrolls of identify
 h - 3 scrolls of magic mapping {unknown}
 j - a scroll of teleportation {unknown}
 l - a scroll of fog {unknown}
 o - a scroll of blinking {unknown}
 q - 3 scrolls of remove curse {unknown}
 r - 3 scrolls of enchant armour {unknown}
Potions
 d - 2 potions of might
 k - 2 potions of heal wounds {unknown}
 m - 2 potions of mutation {unknown}
 n - 3 potions of curing {unknown}
 s - 2 potions of resistance {unknown}
 t - 2 potions of flight {unknown}
 w - a potion of degeneration {unknown}
Comestibles
 e - 9 rations {!d}


   Skills:
 + Level 3.9(3.2) Fighting
 + Level 3.6(2.9) Axes
 + Level 3.8(3.1) Armour
 + Level 1.1(0.4) Dodging
 + Level 0.1(0.0) Stealth
 + Level 3.5(2.8) Shields


You had 5 spell levels left.
You didn't know any spells.
Your spell library was empty.

Dungeon Overview and Level Annotations

Branches:
Dungeon (4/12)
 Temple: D:4-7

Altars:
Gozag
Makhleb
Okawaru
Qazlal


Innate Abilities, Weirdness & Mutations

You have a pair of small horns on your head.
You are partially covered in molten scales. (AC +2)
You are slightly more attuned to the shadows.


Message History

What level of the Dungeon? (default 1, ? - help)
There is an open door here.
There is a stone staircase leading down here.
You climb downwards.
There is a stone staircase leading up here.
A crimson imp comes into view.
The crimson imp shouts!
Found an escape hatch in the ceiling.
Your shield and plate armour prevent you from hitting the crimson imp.
The crimson imp hits you but does no damage. x2
You slash the crimson imp!
You kill the crimson imp!
Okawaru accepts your kill.
You have reached level 6!
Your experience leads to an increase in your attributes!
Your base attributes are Str 17, Int 10, Dex 12.
Increase (S)trength, (I)ntelligence, or (D)exterity?
You feel stronger.
Your demonic ancestry asserts itself...
You slip into the darkness of the dungeon.
Are you sure you want to abandon this character and quit the game? (Confirm with "yes".)

#.. #.. #.. ########..
.......... ≈ ########.#
≈≈. #.#
.....#################.#
...<...@...............#
.....###################
... .


There were no monsters in sight!

Vanquished Creatures
  A phantom (D:2)
  A crimson imp (D:4)
  A jelly (D:3)
  3 adders (D:3)
  4 gnolls (D:2)
  An ooze (D:1)
  3 worms
  A dart slug (D:3)
  4 leopard geckos
  2 orcs (D:3)
  2 ball pythons (D:2)
  5 bats
  A giant cockroach (D:2)
  5 hobgoblins
  2 frilled lizards
  6 goblins
  7 kobolds
  4 rats
53 creatures vanquished.

Notes
Turn   | Place    | Note
-------+----------+-------------------------------------------
     0 | D:1      | galech the Demonspawn Fighter began the quest for the Orb.
     0 | D:1      | Reached XP level 1. HP: 18/18 MP: 1/1
   346 | D:1      | Gained mutation: You have a pair of small horns on your
                  | head. [demonic ancestry]
   346 | D:1      | Reached XP level 2. HP: 24/24 MP: 2/2
   704 | D:2      | Found a stormy altar of Qazlal.
   947 | D:2      | Got a steaming tin ring
   948 | D:2      | Identified the ring "Dynog" {Ice Str+3} (You found it on
                  | level 2 of the Dungeon)
  1090 | D:2      | Noticed a phantom
  1096 | D:2      | Reached XP level 3. HP: 28/29 MP: 3/3
  1114 | D:2      | Killed a phantom
  1114 | D:2      | Gained mutation: You are partially covered in molten
                  | scales. (AC +2) [demonic ancestry]
  1114 | D:2      | Reached XP level 4. HP: 9/35 MP: 4/4
  1337 | D:2      | Reached XP level 5. HP: 26/41 MP: 5/5
  1627 | D:3      | Reached skill level 1 in Dodging
  1679 | D:3      | Found an iron altar of Okawaru.
  1697 | D:3      | Became a worshipper of Warmaster Okawaru
  1834 | D:3      | Found a burning altar of Makhleb.
  2222 | D:3      | Found an opulent altar of Gozag.
  2420 | D:4      | Gained mutation: You are slightly more attuned to the
                  | shadows. [demonic ancestry]
  2420 | D:4      | Reached XP level 6. HP: 48/48 MP: 6/6
  2421 | D:4      | Quit the game

Skill      XL: |  1  2  3  4  5 |
---------------+----------------+-----
Axes           | 2 3 |  3.6
Armour         | 3 |  3.8
Shields        | 3 |  3.5
Dodging        | 1 |  1.1
Fighting       | |  3.9
Stealth        | |  0.1

Action                   |  1- 3 |  4- 6 || total
-------------------------+-------+-------++-------
Melee: War axe           |    74 |    80 ||   154
       Headbutt          |    10 |    15 ||    25
  Use: Potion            |     1 |       ||     1
  Eat: Chunk             |     3 |     7 ||    10
Armor: Scale mail        |    37 |    32 ||    69
       Plate armour      |       |    13 ||    13
Dodge: Dodged            |    19 |    12 ||    31
Block: Medium shield     |    33 |    46 ||    79
